 Dungeon Crawl Stone Soup version 0.26-a0-651-gb41185065b (webtiles) character file.

Game seed: 5269353923368450524

4 kae the Ruffian (level 1, -1/18 HPs)
             Began as a Naga Transmuter on Oct 29, 2020.
             Slain by an ooze (2 damage)
             ... on level 1 of the Dungeon.
             The game lasted 00:00:06 (138 turns).

kae the Ruffian (Naga Transmuter)                    Turns: 138, Time: 00:00:07

Health: -1/18      AC:  1    Str: 12    XL:     1   Next: 60%
Magic:  2/3        EV: 10    Int: 13    God:
Gold:   9          SH:  0    Dex: 11    Spells: 3/4 levels left

rFire    . . .     SeeInvis +     - Unarmed
rCold    . . .     Faith    .   (no shield)
rNeg     . . .     Spirit   .   a - +0 robe
rPois    +         Reflect  .   (helmet currently unavailable)
rElec    .         Harm     .   (no cloak)
rCorr    .         Rampage  .   (no gloves)
MR       .....                  (no barding)
Stlth    +.........             (no amulet)
HPRegen  0.06/turn              (no ring)
MPRegen  0.08/turn              (no ring)

@: appendages, very slow
A: large, horns 2, see invisible, deformed body, poison resistance, slowness 2,
spit poison 1, AC +0
a: Spit Poison, End Transformation


You were on level 1 of the Dungeon.
You had grown temporary horns.
You visited 1 branch of the dungeon, and saw 1 of its levels.

You collected 9 gold pieces.

Inventory:

Armour
 a - a +0 robe (worn)
Scrolls
 b - a scroll of identify {unknown}
 c - a scroll of teleportation {unknown}


   Skills:
 - Level 1.0 Fighting
 - Level 1.5 Dodging
 + Level 3.1 Unarmed Combat
 - Level 2.0 Spellcasting
 + Level 2.2 Transmutations


You had 3 spell levels left.
You knew the following spells:

 Your Spells              Type           Power        Failure   Level
a - Beastly Appendage     Tmut           #.....       11%         1

Your spell library contained the following spells:

 Spells                   Type           Power        Failure   Level
 Wereblood                Tmut           #.......     16%         2
 Spider Form              Tmut/Pois      #.........   43%         3
 Ice Form                 Ice/Tmut       #.......     85%         4
 Blade Hands              Tmut           #.........   96%         5


Dungeon Overview and Level Annotations

Branches:
Dungeon (1/15)

Altars:


Innate Abilities, Weirdness & Mutations

You cannot wear boots.
Your serpentine skin is tough. (AC +0)
You have supernaturally acute eyesight. (SInv)
Armour fits poorly on your strangely shaped body.
Your system is resistant to poisons. (rPois)
You cover ground very slowly.
You can spit poison.
You have a pair of horns on your head.


Message History

The hobgoblin hits you.
You hit the hobgoblin but do no damage.
The hobgoblin is heavily wounded.
The bat barely misses you. The hobgoblin barely misses you.
Press: ? - help, Shift-Dir - straight line, f - hobgoblin
Aim: a hobgoblin (heavily wounded)
The splash of poison hits the hobgoblin!
The hobgoblin is poisoned.
You kill the hobgoblin!
The ooze hits you. The bat hits you.
Casting: Beastly Appendage (safe; 11% risk of failure)
Confirm with . or Enter, or press ? or * to list all spells.
You grow a pair of large bovine horns.
The bat closely misses you. The ooze hits you.
* * * LOW HITPOINT WARNING * * *
You have got your breath back.
The bat hits you.
* * * LOW HITPOINT WARNING * * *
The ooze hits you.
You die...

... .. ...
#.########
###.........
#...g....#
#...†J...#
#.$b@....#
#........#
#........#
#........#
#........#
#........#
#........#
###.######
#.# .#


You could see an ooze, a hobgoblin and a bat.

Vanquished Creatures
  2 hobgoblins (D:1)
  2 rats (D:1)
4 creatures vanquished.

Notes
Turn   | Place    | Note
-------+----------+-------------------------------------------
     0 | D:1      | kae the Naga Transmuter began the quest for the Orb.
     0 | D:1      | Reached XP level 1. HP: 18/18 MP: 3/3
   138 | D:1      | Slain by an ooze

Illustrated notes

Levels and vault maps discovered:
D:1:      dpeg_arrival_shelter, layout_basic, roderic_lattice_a

Action                   || total
-------------------------++-------
Melee: Unarmed           ||    12
 Cast: Beastly Appendage ||     3
 Abil: Spit Poison       ||     2
Armor: Robe              ||     5
Dodge: Dodged            ||    13

Table legend: (Time is in decaauts)
 A = Elapsed time spent in this place.
 B = Non-inter-level travel time spent in this place.
 C = Inter-level travel time spent in this place.
 D = Time resting spent in this place.
 E = Time spent auto-exploring this place.
 F = Levels seen in this place.
 G = Mean time per level.
                   A        B        C        D        E       F      G
               +--------+--------+--------+--------+--------+-----+--------+
         Total |    177 |    177 |      0 |      0 |    141 |   1 |  177.0 |
       Dungeon |    177 |    177 |      0 |      0 |    141 |   1 |  177.0 |
               +--------+--------+--------+--------+--------+-----+--------+

Top non-repeatable levels by time:
     D:1: 177 daAuts
